 Dungeon Crawl Stone Soup version 0.30-a0-591-g3c58d2bc28 (webtiles) character file.

Game seed: 3715620356277942232

1123 OTABOTABOTAB the Insei (level 8, -3/48 HPs)
             Began as an Octopode Transmuter on Jan 4, 2023.
             Was an Initiate of Gozag.
             Killed from afar by a steam dragon (24 damage)
             ... with a ball of steam
             ... on level 7 of the Dungeon.
             The game lasted 00:16:47 (7471 turns).

OTABOTABOTAB the Insei (Octopode Transmuter)        Turns: 7471, Time: 00:16:47

Health: -3/48      AC:  2    Str:  9    XL:     8   Next: 35%
Magic:  8/11       EV: 19    Int: 18    God:    Gozag
Gold:   719        SH:  0    Dex: 17    Spells: 2/12 levels left

rFire   . . .      SeeInvis .      - Unarmed
rCold   . . .      Faith    .    (shield currently unavailable)
rNeg    . . .      Spirit   .    (helmet currently unavailable)
rPois   x          Reflect  .    (no amulet)
rElec   .          Harm     .    (no ring)
rCorr   +          Rampage  .    c - ring of resist corrosion
Will    .....                    (no ring)
Stlth   ++                       (no ring)
HPRegen 0.28/turn                (no ring)
MPRegen 0.12/turn                (no ring)
                                 (no ring)
                                 (no ring)

@: spider-form
A: venomous fangs, almost no armour, (amphibious), 8 rings, tiny, (camouflage
1), (gelatinous body 1), (nimble swimmer 1), (tentacles)
a: End Transformation, Renounce Religion, Potion Petition, Call Merchant, Bribe
Branch


You were on level 7 of the Dungeon.
You worshipped Gozag.
Gozag was pleased with you.
You were a venomous arachnid creature.
You visited 2 branches of the dungeon, and saw 8 of its levels.
You also visited: Ossuary.

You collected 845 gold pieces.
You spent 56 gold pieces at shops.
You paid 70 gold pieces to Gozag.

Inventory:

Hand Weapons
 b - a +3 dagger of flaming
   (You took it off a goblin on level 3 of the Dungeon)
Missiles
 a - 4 javelins
 f - 4 boomerangs
 s - 12 stones
Jewellery
 c - a ring of resist corrosion (right front leg)
   (You found it on level 5 of the Dungeon)
 A - a +4 ring of protection
   (You found it on level 1 of the Dungeon)
Wands
 e - a wand of charming (4)
   (You found it on level 6 of the Dungeon)
Scrolls
 d - a scroll of amnesia
 h - a scroll of torment {!r}
 D - a scroll of blinking {!r}
 E - a scroll of fear
 X - 2 scrolls of magic mapping {@r4!r}
 Y - a scroll of teleportation {@r3}
Potions
 B - a potion of brilliance
 G - a potion of ambrosia {!q}
 J - 4 potions of curing {@q1}
 L - 3 potions of flight
 M - 3 potions of might
 N - 7 potions of heal wounds {@q2}
 P - 3 potions of lignification {!q}
 T - a potion of berserk rage {!q}
 U - 2 potions of mutation {!q}


   Skills:
 - Level 1.6 Fighting
 - Level 2.3 Dodging
 + Level 6.2 Unarmed Combat
 - Level 2.6 Spellcasting
 + Level 5.5 Transmutations
 + Level 4.1 Ice Magic
 - Level 3.0 Poison Magic


You had 2 spell levels left.
You knew the following spells:

 Your Spells              Type           Power      Damage    Failure   Level
a - Beastly Appendage     Tmut           44%        N/A       8%          1
b - Wereblood             Tmut           22%        N/A       10%         2
c - Spider Form           Tmut/Pois      17%        N/A       22%         3
d - Ice Form              Ice/Tmut       19%        N/A       43%         4

Your spell library contained the following spells:

 Spells                   Type           Power      Damage    Failure   Level
 Poisonous Vapours        Pois/Air       14%        N/A       32%         2
 Shock                    Conj/Air       8%         1d3       36%         1
 Cigotuvi's Dreadful Rot  Necr/Pois/Air  10%        N/A       36%         2
 Blink                    Tloc           4%         N/A       47%         2
 Momentum Strike          Conj/Tloc      4%         3d8       47%         2
 Sublimation of Blood     Necr           2%         N/A       47%         2
 Mephitic Cloud           Conj/Pois/Air  5%         N/A       56%         3
 Lesser Beckoning         Tloc           4%         N/A       67%         3
 Swiftness                Air            2%         N/A       67%         3
 Petrify                  Tmut/Erth      12%        N/A       69%         4
 Irradiate                Conj/Tmut      6%         3d13      94%         5
 Airstrike                Air            1%         2d(1-17)  95%         4


Dungeon Overview and Level Annotations

Branches:
Dungeon (7/15)             Temple (1/1) D:4         Ossuary (visited)

Altars:
Cheibriados
Dithmenos
Elyvilon
Fedhas
Gozag
Hepliaklqana
Kikubaaqudgha
Makhleb
Nemelex Xobeh
Okawaru
Qazlal
Ru
Trog
Uskayaw
Vehumet
Xom
Yredelemnul
Zin
The Shining One

Shops:
D:2 ?   D:6 [?

Annotations:
D:4 2 transporters


Innate Abilities, Weirdness & Mutations

You are a venomous arachnid creature.
You have poisonous fangs.
You are tiny and dextrous.
Your spellcasting is less reliable in this form.
Your armour is entirely melded.
You are incapable of wielding weapons or throwing items.
You cannot wear most types of armour.
((You are amphibious.))
You can wear up to eight rings at the same time.
((Your skin changes colour to match your surroundings (Stealth+).))
((Your rubbery body absorbs attacks. (AC +1, EV +1)))
((You are camouflaged when in or above water. (Stealth+)))
((You have tentacles for arms and can constrict up to eight enemies at once.))


Message History

The bullfrog closely misses you. The bullfrog barely misses you.
You hit the bullfrog.
You feel a bit better.
You kill the bullfrog!
Health restored: 48 You hit petzl's ghost but do no damage.
Petzl's ghost closely misses you.
You barely miss petzl's ghost. Petzl's ghost closely misses you.
Unknown command.
You closely miss petzl's ghost.
Petzl's ghost hits you but does no damage.
You hit petzl's ghost.
Petzl's ghost hits you but does no damage.
You hit petzl's ghost. Petzl's ghost misses you.
You barely miss petzl's ghost. Petzl's ghost barely misses you.
You hit petzl's ghost but do no damage. Petzl's ghost completely misses you.
You hit petzl's ghost.
Your transformation is almost over.
Your primal bloodlust is almost over.
Petzl's ghost hits you but does no damage.
You hit petzl's ghost but do no damage. You barely miss petzl's ghost.
Petzl's ghost misses you.
You barely miss petzl's ghost. Petzl's ghost completely misses you.
You hit petzl's ghost. Petzl's ghost misses you.
Unknown command.
You barely miss petzl's ghost. Petzl's ghost closely misses you.
You hit petzl's ghost but do no damage. Petzl's ghost misses you.
You hit petzl's ghost.
Your primal bloodlust has ended.
Petzl's ghost is distracted by your dazzling golden aura.
Petzl's ghost turns its malevolent gaze towards you.
You hit petzl's ghost.
You destroy petzl's ghost!
Unknown command.
No target in view!
No target in view!
Your transformation has ended.
You now have 719 gold pieces (gained 18).
There is an open translucent door, spattered with blood here.
You enter the shallow water.
J - 4 potions of curing {@q1} (gained 1)
There is a collapsed entrance here.
Done exploring.
MP restored: 11 Done exploring.
Done exploring.
Done exploring.
Done exploring.
Unknown command.
Done exploring.
Done exploring.
Done exploring.
(D) Dungeon (T) Temple
Where to? (Enter - D:6, ? - help)
You enter the shallow water.
There is an open translucent door, spattered with blood here.
There is a stone staircase leading down here.
You climb downwards.
There is a stone staircase leading up here.
Found an escape hatch in the floor.
A steam dragon comes into view.
A steam dragon is nearby!
You see here 12 gold pieces.
The steam dragon hisses angrily.
You tentacle-slap the steam dragon. You barely miss the steam dragon.
Your tentacle-slap misses the steam dragon.
The steam dragon bites you but does no damage.
The steam dragon misses you.
You remove your +4 ring of protection.
The steam dragon breathes steam at you. The ball of steam hits you!
You hear a shout!
You hear an angry hiss.
You take 16 damage, and have 32/48 hp.
MASSIVE DAMAGE!!
You turn into a venomous arachnid creature.
You are engulfed in a cloud of scalding steam.
The steam dragon misses you.
The steam dragon claws you but does no damage.
You take 8 damage, and have 24/48 hp.
You now have 8/11 mp.
You are too injured to fight recklessly!
You are too injured to fight recklessly!
Unknown command.
You hit the steam dragon but do no damage.
The steam dragon is poisoned.
A shadow imp comes into view.
An ogre comes into view. It is wielding a +0 giant club.
The steam dragon completely misses you.
The steam dragon claws you but does no damage.
You barely miss the steam dragon. The steam dragon misses you.
The steam dragon claws you.
You take 4 damage, and have 20/48 hp.
You hit the steam dragon.
The steam dragon looks even sicker.
The steam dragon misses you. The steam dragon completely misses you.
You barely miss the steam dragon. You hit the steam dragon.
The steam dragon looks as sick as possible!
The steam dragon breathes steam at you. The ball of steam hits you!!
Ouch! That really hurt!
You die...
Your body crumbles into a pile of gold.

####....#[## #
..<.....##.#..##. $
.###.###....##...
#..#..♣♣.#..♣
#...#.♣♣..#.♣♣ ♣♣
#..##....##.. ..
.......#.##..#[## O#
........##.#..##.#5.#
.>....##....##.§sD#
####.##..♣♣.#..♣♣.#
#....#.♣♣..#.♣ ..#
#.## #....##.. .## #
#.##..#. #[ # .. #. .
## . .. ....


You could see a steam dragon (extremely poisoned, catching breath), an ogre and
a shadow imp.

Vanquished Creatures
  An ogre (D:5)
  2 bullfrogs (D:6)
  A scorpion (D:5)
  2 water moccasin zombies (Ossuary)
  An orc priest (D:5)
  A hound (D:4)
  7 iguanas
  3 jellies
  3 orc wizards
  2 mummies (Ossuary)
  4 gnolls (D:6)
  8 adders
  A shadow imp (D:6)
  13 adder zombies (Ossuary)
  4 worms
  The ghost of drugrobin the Sneak, a weakling DgDe (D:5)
  The ghost of petzl the Sneak, a weakling FoDe (D:6)
  4 dart slugs
  25 orcs
  4 bats
  4 endoplasms
  7 goblins
  4 hobgoblins
  2 jackals (D:2)
  4 quokkas
  7 ball pythons
  5 frilled lizards
  7 gnoll zombies (Ossuary)
  4 hobgoblin zombies (Ossuary)
  7 kobolds
  3 kobold zombies (Ossuary)
  6 orc zombies (Ossuary)
  2 rats
150 creatures vanquished.

Notes
Turn   | Place    | Note
-------+----------+-------------------------------------------
     0 | D:1      | OTABOTABOTAB the Octopode Transmuter began the quest for
                  | the Orb.
     0 | D:1      | Reached XP level 1. HP: 13/13 MP: 3/3
   177 | D:1      | Reached XP level 2. HP: 16/18 MP: 3/5
   250 | D:1      | Reached skill level 1 in Poison Magic
   905 | D:1      | Learned a level 2 spell: Wereblood
   928 | D:2      | Found Vezyna's Magic Scroll Emporium.
   937 | D:2      | Bought a scroll of identify for 28 gold pieces
   937 | D:2      | Bought a scroll of identify for 28 gold pieces
  1310 | D:2      | Reached XP level 3. HP: 23/23 MP: 4/6
  1500 | D:2      | Reached skill level 2 in Poison Magic
  1512 | D:2      | Reached XP level 4. HP: 24/28 MP: 4/7
  2260 | D:3      | Reached skill level 3 in Transmutations
  2265 | D:3      | Learned a level 3 spell: Spider Form
  2610 | D:3      | Reached skill level 3 in Poison Magic
  3065 | D:3      | Found a stormy altar of Qazlal.
  3228 | D:4      | Reached skill level 4 in Unarmed Combat
  3228 | D:4      | Reached XP level 5. HP: 25/33 MP: 1/8
  3408 | D:4      | Found a transporter.
  3456 | D:4      | Found a staircase to the Ecumenical Temple.
  3462 | Temple   | Entered the Ecumenical Temple
  3639 | Temple   | Became a worshipper of Gozag Ym Sagoz the Greedy
  4054 | D:4      | Noticed a fire bat
  4246 | D:4      | Noticed a fire bat
  4271 | D:4      | Found a transporter.
  4347 | D:5      | Entered Level 5 of the Dungeon
  4375 | D:5      | Reached XP level 6. HP: 30/38 MP: 5/9
  4445 | D:5      | Found a basalt altar of Yredelemnul.
  4449 | D:5      | Found a sparkling altar of Nemelex Xobeh.
  4501 | D:5      | Found a large runed translucent door.
  4502 | D:5      | Found a large runed translucent door.
  4504 | D:5      | Noticed drugrobin's ghost (weakling DgDe)
  4527 | D:5      | Found a sand-covered staircase.
  4555 | Ossuary  | Entered an ossuary
  4625 | Ossuary  | Reached skill level 1 in Ice Magic
  4790 | Ossuary  | Reached skill level 4 in Transmutations
  5053 | Ossuary  | Reached skill level 2 in Ice Magic
  5059 | Ossuary  | Reached skill level 5 in Unarmed Combat
  5182 | D:5      | Reached XP level 7. HP: 43/43 MP: 5/10
  5364 | D:5      | Learned a level 4 spell: Ice Form
  5548 | D:5      | Found a burning altar of Makhleb.
  5667 | D:5      | Reached skill level 3 in Ice Magic
  5864 | D:5      | Reached skill level 5 in Transmutations
  5921 | D:5      | Reached XP level 8. HP: 48/48 MP: 7/11
  6251 | D:5      | Killed drugrobin's ghost
  6673 | D:6      | Found Etsiadol's Magic Scroll Shoppe.
  6816 | D:6      | Found Maog's Antique Armour Shop.
  7126 | D:6      | Found a runed translucent door.
  7251 | D:6      | Reached skill level 6 in Unarmed Combat
  7358 | D:6      | Noticed petzl's ghost (weakling FoDe)
  7370 | D:6      | Reached skill level 4 in Ice Magic
  7389 | D:6      | Killed petzl's ghost
  7471 | D:7      | Killed from afar by a steam dragon

Illustrated notes

Levels and vault maps discovered:
D:1:      amcnicky_arrival_choice, layout_basic
D:2:      layout_loops_ring, serial_shops, shop
D:3:      layout_basic, marbit_many_paths, kennysheep_nondescript, st_stairs_3
D:4:      gammafunk_cloud_chamber, layout_cave_pools, minmay_temple_entry_hall,
          patterned_corridor
D:5:      layout_basic, bloody_makhleb, grunt_temple_overflow_open,
          nicolae_ossuary_entry_false_entrances, ebering_ghost_disaster_area,
          kennysheep_generic_room_6
D:6:      layout_cave_pods, serial_shops, shop, ebering_ghost_sewer_d,
          nicolae_take_the_stairs
D:7:      layout_loops_ring, nicolae_ashenzari_skybound, nicolae_eternal_life
Temple:   regret_index_temple_generic_petals

Skill      XL: |  1  2  3  4  5  6  7  8 |
---------------+-------------------------+-----
Poison Magic   | 1 2 3 |  3.0
Transmutations | 3 4 5 |  5.5
Unarmed Combat | 4 5 6 |  6.2
Ice Magic      | 2 3 4 |  4.1
Fighting       | |  1.6
Dodging        | |  2.3
Spellcasting   | |  2.6

Action                   |  1- 3 |  4- 6 |  7- 9 || total
-------------------------+-------+-------+-------++-------
Melee: Unarmed           |    72 |   187 |   150 ||   409
       Kick              |    16 |    22 |       ||    38
       Constrict         |    15 |    29 |     3 ||    47
       Tentacles         |     4 |    16 |     2 ||    22
       Punch             |     1 |     4 |     2 ||     7
       Dagger            |       |    74 |     6 ||    80
Throw: Stone             |    26 |    15 |       ||    41
 Cast: Beastly Appendage |    22 |    16 |       ||    38
       Wereblood         |       |     5 |     4 ||     9
       Spider Form       |       |    14 |    16 ||    30
       Ice Form          |       |       |     1 ||     1
 Abil: End Transformatio |    19 |    24 |    15 ||    58
  Use: Scroll            |     7 |    11 |     2 ||    20
 Stab: Sleeping          |     1 |     3 |     1 ||     5
       Distracted        |       |     2 |     1 ||     3
Armor: Skin              |    13 |    31 |    22 ||    66
Dodge: Dodged            |    30 |   161 |    93 ||   284

Table legend: (Time is in decaauts)
 A = Elapsed time spent in this place.
 B = Non-inter-level travel time spent in this place.
 C = Inter-level travel time spent in this place.
 D = Time resting spent in this place.
 E = Time spent auto-exploring this place.
 F = Levels seen in this place.
 G = Mean time per level.
                   A        B        C        D        E       F      G
               +--------+--------+--------+--------+--------+-----+--------+
         Total |   7436 |   7255 |    181 |    826 |   5284 |   9 |  826.2 |
       Dungeon |   6627 |   6483 |    144 |    666 |   4899 |   7 |  946.7 |
        Temple |    215 |    178 |     37 |      0 |    164 |   1 |  215.0 |
       Ossuary |    592 |    592 |      0 |    160 |    221 |   1 |  592.0 |
               +--------+--------+--------+--------+--------+-----+--------+

Top non-repeatable levels by time:
     D:5: 1359 daAuts
     D:3: 1293 daAuts
     D:2: 1147 daAuts
     D:6: 1114 daAuts
     D:1: 913 daAuts
     D:4: 771 daAuts
 Ossuary: 592 daAuts
  Temple: 215 daAuts
     D:7: 26 daAuts

Table legend:
 A = Kills in this place as a percentage of kills in entire the game.
 B = Kills by you in this place as a percentage of kills by you in the entire game.
 C = Kills by friends in this place as a percentage of kills by friends in the entire game.
 D = Other kills in this place as a percentage of other kills in the entire game.
 E = Experience gained in this place as a percentage of experience gained in the entire game.
 F = Experience gained in this place divided by the number of levels of this place that you have seen.
                   A       B       C       D       E      F
               +-------+-------+-------+-------+-------+----------------------
         Total | 100.0 | 100.0 |   N/A |   N/A | 100.0 | 178.3
       Dungeon |  75.3 |  75.3 |   N/A |   N/A |  82.6 | 189.4
       Ossuary |  24.7 |  24.7 |   N/A |   N/A |  17.4 | 279.0
               +-------+-------+-------+-------+-------+----------------------
